 Dungeon Crawl Stone Soup version 0.31-a0-4-gefa6de2278 (webtiles) character file.

Game seed: 8133557625993773306

12835 Ijustatesigmund the Destroyer (level 11, -7/84 HPs)
             Began as a Gnoll Conjurer on May 4, 2023.
             Was a Priest of Vehumet.
             Mangled by a minotaur
             ... wielding a staff of conjuration
              (13 damage)
             ... in a Gauntlet.
             The game lasted 00:39:44 (16994 turns).

Ijustatesigmund the Destroyer (Gnoll Conjurer)     Turns: 16994, Time: 00:39:45

Health: -7/84      AC:  7    Str:  8    XL:     11   Next: 99%
Magic:  8/23       EV: 16    Int: 21    God:    Vehumet [***...]
Gold:   453        SH:  0    Dex: 16    Spells: 8/27 levels left

rFire   . . .        c - +8 halberd
rCold   + . .        (shield currently unavailable)
rNeg    . . .        C - +1 robe "Moge" {rC+}
rPois   .            f - +1 helmet
rElec   .            k - +0 cloak
rCorr   +            (no gloves)
SInv    .            (no boots)
Will    +....        D - amulet of Fazite {RegenMP rCorr Stlth+}
Stlth   +++++        I - ring of willpower
HPRegen 0.34/turn    t - +6 ring of dexterity
MPRegen 0.58/turn

%: no teleportation
@: no status effects
A: fangs 1, strong nose, distributed training
a: Renounce Religion


You were in a Gauntlet.
You worshipped Vehumet.
Vehumet was most pleased with you.
You visited 1 branch of the dungeon, and saw 11 of its levels.
You also visited: Bailey and Gauntlet.

You collected 696 gold pieces.
You spent 243 gold pieces at shops.

Inventory:

Hand Weapons
 c - a +8 halberd (weapon)
 r - a +0 arbalest
 s - a +0 morningstar
Missiles
 i - a throwing net
Armour
 a - a +1 robe of positive energy
 f - a +1 helmet (worn)
 k - a +0 cloak (worn)
 A - the +3 Mad Mage's Maulers {Infuse+∞ VampMP -Cast}
   (You found it in a bailey)

   Infuse+∞: It empowers its wearer's blows with all of their magic.
   VampMP:    Blows struck in melee replenish the wearer's magic.
   -Cast:     It prevents spellcasting.
 C - the +1 robe "Moge" (worn) {rC+}
   (You found it in a bailey)

   rC:        It protects you from cold.
Jewellery
 l - a ring of fire
 t - a +6 ring of dexterity (right hand)
 y - the amulet "Heihemi" {Acrobat Harm Str+3}
   (You found it on level 7 of the Dungeon)

   [amulet of the acrobat]

   It increases your evasion while moving and waiting.
   Str:       It affects your strength (+3).
   Harm:      It increases damage dealt and taken.
 D - the amulet of Fazite (around neck) {RegenMP rCorr Stlth+}
   (You found it in a Gauntlet)

   [amulet of magic regeneration]

   It increases your rate of magic regeneration.
   rCorr:     It protects you from acid and corrosion.
   Stlth:     It makes you more stealthy.
 I - a ring of willpower (left hand)
Wands
 b - a wand of flame (27)
 p - a wand of paralysis (4)
 v - a wand of polymorph (8)
 H - a wand of mindburst (12)
Scrolls
 g - a scroll of silence
 j - 3 scrolls of teleportation
 o - a scroll of fear
 q - 2 scrolls of blinking
 B - 2 scrolls of fog
 E - 2 scrolls of poison
 F - a scroll of immolation
Potions
 d - 6 potions of mutation
 e - 8 potions of curing
 h - 2 potions of heal wounds
 m - 2 potions of might
 n - 2 potions of ambrosia
 u - a potion of magic
 w - a potion of brilliance
 x - 2 potions of lignification
 z - a potion of attraction
 G - a potion of flight
 J - a potion of haste {unknown}


   Skills:
 + Level 7.1 Fighting
 + Level 7.1 Short Blades
 + Level 7.1 Long Blades
 + Level 7.1 Axes
 + Level 7.1 Maces & Flails
 + Level 7.1 Polearms
 + Level 7.1 Staves
 + Level 7.1 Ranged Weapons
 + Level 7.1 Throwing
 + Level 7.1 Armour
 + Level 8.5 Dodging
 + Level 8.3 Stealth
 + Level 7.1 Shields
 + Level 7.1 Unarmed Combat
 + Level 8.7 Spellcasting
 + Level 9.3 Conjurations
 + Level 5.8 Hexes
 + Level 5.8 Summonings
 + Level 5.8 Necromancy
 + Level 5.8 Translocations
 + Level 5.8 Transmutations
 + Level 5.8 Fire Magic
 + Level 5.8 Ice Magic
 + Level 5.8 Air Magic
 + Level 5.8 Earth Magic
 + Level 5.8 Poison Magic
 + Level 7.7 Invocations
 + Level 7.1 Evocations


You had 8 spell levels left.
You knew the following spells:

 Your Spells              Type           Power      Damage    Failure   Level
a - Magic Dart            Conj           100%       1d8       1%          1
b - Dispel Undead         Necr           33%        3d14      6%          4
c - Iskenderun's Mystic   Conj/Tloc      41%        2d9       1%          4
d - Passwall              Tmut/Erth      27%        N/A       1%          2
e - Swiftness             Air            33%        N/A       1%          3
f - Poisonous Vapours     Pois/Air       66%        N/A       1%          2
g - Stone Arrow           Conj/Erth      82%        3d12      1%          3

Your spell library contained the following spells:

 Spells                   Type           Power      Damage    Failure   Level
 Inner Flame              Hex/Fire       33%        N/A       1%          3
 Kiss of Death            Conj/Necr      100%       2d13      1%          1
 Summon Small Mammal      Summ           100%       N/A       1%          1
 Ensorcelled Hibernation  Hex/Ice        66%        N/A       1%          2
 Scorch                   Fire           66%        2d7       1%          2
 Searing Ray              Conj           96%        2d7       1%          2
 Call Canine Familiar     Summ           33%        N/A       1%          3
 Confusing Touch          Hex            33%        N/A       1%          3
 Dazzling Flash           Conj/Hex       82%        N/A       1%          3
 Portal Projectile        Hex/Tloc       66%        N/A       1%          3
 Spider Form              Tmut/Pois      33%        N/A       1%          3
 Summon Guardian Golem    Hex/Summ       33%        N/A       1%          3
 Tukima's Dance           Hex            33%        N/A       1%          3
 Flame Wave               Conj/Fire      41%        2d11      1%          4
 Fulminant Prism          Conj/Hex       20%        3d12      1%          4
 Anguish                  Hex/Necr       16%        N/A       6%          4
 Blade Hands              Tmut           16%        N/A       19%         5
 Summon Cactus Giant      Summ           16%        N/A       69%         6


Dungeon Overview and Level Annotations

Branches:
Dungeon (11/15)            Temple (0/1) D:6            Lair (0/5) D:10
 Bailey (visited)         Gauntlet (1/1)
    Orc: D:9-12

Altars:
Ashenzari
Fedhas
Gozag
Nemelex Xobeh
Okawaru
Vehumet
Zin
Jiyva

Shops:
D:5 *   D:6 *   D:7 !   D:8 =

Annotations:
D:9 2 transporters
D:11 1 runed translucent door Gauntlet 10 transporters, exclusion: oklob plant


Innate Abilities, Weirdness & Mutations

You have very sharp teeth.
Your uncanny sense of smell can sniff out nearby items.
Your experience applies equally to all skills.


Message History

The minotaur hits you with a staff of conjuration!!
The minotaur gores you but does no damage.
Casting: Stone Arrow (safe; 1% risk of failure)
Confirm with . or Enter, or press ? or * to list all spells.
You erupt in a blast of force!
The mystic blast hits the minotaur!
The minotaur is moderately wounded.
The minotaur is knocked back by the mystic blast.
The minotaur slams into the metal wall!
The minotaur is moderately wounded.
Casting: Iskenderun's Mystic Blast (mildly dangerous; 1% risk of failure)
Confirm with . or Enter, or press ? or * to list all spells.
You erupt in a blast of force!
The mystic blast hits the minotaur!
The minotaur is heavily wounded.
The minotaur is knocked back by the mystic blast.
The minotaur slams into the metal wall!
The minotaur throws a javelin.
The javelin misses you.
You reach to attack!
You slash the minotaur!
The minotaur is severely wounded.
Casting: Iskenderun's Mystic Blast (mildly dangerous; 1% risk of failure)
Confirm with . or Enter, or press ? or * to list all spells.
You erupt in a blast of force!
The mystic blast hits the minotaur!
The minotaur is severely wounded.
The minotaur is knocked back by the mystic blast.
The minotaur drinks a potion.
The minotaur is healed!
You hit the minotaur but do no damage.
The minotaur is moderately wounded.
The minotaur hits you with a staff of conjuration!!
The minotaur blasts you. The minotaur gores you.
You are too injured to fight recklessly!
Casting: Iskenderun's Mystic Blast (mildly dangerous; 1% risk of failure)
Confirm with . or Enter, or press ? or * to list all spells.
You erupt in a blast of force!
The mystic blast hits the minotaur but does no damage.
The minotaur is moderately wounded.
The minotaur hits you with a staff of conjuration!!
* * * LOW HITPOINT WARNING * * *
The minotaur gores you!
* * * LOW HITPOINT WARNING * * *
The minotaur hits you with a staff of conjuration!
You die...

#........#.8.####
....##.###.#.....©#
.####....#.#.8.####
#....##.#.#...#..#
#.#####.#.#.8.#..#
###⌠.⌠#.#.#...#≈..
#...∩.#.#...8.#∩..
#H# #.#.#...#≈..
#@#####.#.#.8.#..#
#....##.#.#...#..#
####....#.#.8.####
#.######.#.....©#
#........#.8.####
##########...#..#
#..# #..# #..#


You could see a minotaur.

Vanquished Creatures
  A soul eater (Gauntlet)
  2 wizards (Gauntlet)
  Pikel (D:5)
  An orc knight (Bailey)
  A deep elf pyromancer (Bailey)
  A komodo dragon (D:10)
  A troll (D:10)
  Prince Ribbit (D:6)
  A hornet (D:8)
  Sigmund (D:2)
  3 wyverns (D:9)
  4 shadows (Gauntlet)
  A vampire (D:5)
  Eustachio (D:5)
  15 yaks
  2 steam dragons
  4 vampire mosquitoes
  Grum (D:7)
  Menkaure (D:7)
  An acid dragon (D:8)
  Edmund (D:4)
  A water moccasin (D:6)
  7 orc warriors
  A sky beast (D:6)
  An ice beast (D:6)
  An ogre (D:5)
  3 wolves (D:8)
  A phantom (D:6)
  4 lemures (D:5)
  A kobold brigand (D:8)
  A bullfrog (D:6)
  A gnoll sergeant (D:9)
  2 scorpions
  14 wights
  12 killer bees
  3 howler monkeys
  13 electric eels
  A gnoll bouda (D:4)
  3 hounds (D:4)
  2 jellies
  4 orc priests
  2 sleepcaps
  An iguana (D:5)
  5 orc wizards
  5 adders
  10 gnolls
  5 shadow imps
  8 white imps
  A worm (D:3)
  3 dart slugs
  30 orcs
  8 ball pythons
  4 bats
  7 endoplasms
  A giant cockroach (D:1)
  3 goblins
  7 hobgoblins
  3 jackals (D:4)
  7 quokkas
  5 frilled lizards
  11 kobolds
  5 rats
252 creatures vanquished.

Vanquished Creatures (others)
  4 fungi
  110 plants
114 creatures vanquished.

Grand Total: 366 creatures vanquished

Notes
Turn   | Place    | Note
-------+----------+-------------------------------------------
     0 | D:1      | Ijustatesigmund the Gnoll Conjurer began the quest for the
                  | Orb.
     0 | D:1      | Reached XP level 1. HP: 13/13 MP: 6/6
   235 | D:1      | Reached XP level 2. HP: 16/19 MP: 7/7
   238 | D:1      | Learned a level 2 spell: Searing Ray
   454 | D:1      | You fall into a shaft and drop 1 floor!
   554 | D:2      | Noticed Sigmund
   573 | D:2      | Killed Sigmund
   574 | D:2      | Reached skill level 1 in Fighting
   574 | D:2      | Reached skill level 1 in Short Blades
   574 | D:2      | Reached skill level 1 in Long Blades
   574 | D:2      | Reached skill level 1 in Axes
   574 | D:2      | Reached skill level 1 in Maces & Flails
   574 | D:2      | Reached skill level 1 in Polearms
   574 | D:2      | Reached skill level 1 in Staves
   574 | D:2      | Reached skill level 1 in Ranged Weapons
   574 | D:2      | Reached skill level 1 in Throwing
   574 | D:2      | Reached skill level 1 in Armour
   574 | D:2      | Reached skill level 1 in Shields
   574 | D:2      | Reached skill level 1 in Unarmed Combat
   574 | D:2      | Reached skill level 5 in Spellcasting
   574 | D:2      | Reached skill level 1 in Hexes
   574 | D:2      | Reached skill level 1 in Summonings
   574 | D:2      | Reached skill level 1 in Necromancy
   574 | D:2      | Reached skill level 1 in Translocations
   574 | D:2      | Reached skill level 1 in Transmutations
   574 | D:2      | Reached skill level 1 in Fire Magic
   574 | D:2      | Reached skill level 1 in Ice Magic
   574 | D:2      | Reached skill level 1 in Air Magic
   574 | D:2      | Reached skill level 1 in Earth Magic
   574 | D:2      | Reached skill level 1 in Poison Magic
   574 | D:2      | Reached skill level 1 in Invocations
   574 | D:2      | Reached skill level 1 in Evocations
   574 | D:2      | Reached XP level 3. HP: 25/26 MP: 2/9
   574 | D:2      | Reached XP level 4. HP: 31/32 MP: 2/11
   574 | D:2      | Reached XP level 5. HP: 36/37 MP: 2/12
  1975 | D:3      | Reached XP level 6. HP: 41/44 MP: 13/13
  2013 | D:3      | Learned a level 4 spell: Iskenderun's Mystic Blast
  2062 | D:3      | Identified the +0 ring mail of Asceticism {Str+3}
  2238 | D:3      | Found an iron altar of Okawaru.
  2785 | D:4      | Reached skill level 5 in Dodging
  3382 | D:4      | Noticed Edmund
  3392 | D:4      | Killed Edmund
  3393 | D:4      | Reached XP level 7. HP: 41/51 MP: 4/15
  3559 | D:4      | Reached skill level 5 in Stealth
  4011 | D:5      | Entered Level 5 of the Dungeon
  4199 | D:5      | Found a blossoming altar of Fedhas.
  4204 | D:5      | Noticed Eustachio
  4221 | D:5      | Killed Eustachio
  4222 | D:5      | Reached XP level 8. HP: 18/58 MP: 7/16
  4463 | D:5      | Found a glowing silver altar of Zin.
  4472 | D:5      | Found Zin's Purification Station.
  4489 | D:5      | Found the +5 robe of Misfortune {Harm *Corrode *Slow EV+5}
  4807 | D:5      | Found a radiant altar of Vehumet.
  4833 | D:5      | Became a worshipper of Vehumet
  5268 | D:5      | Noticed Pikel
  5410 | D:5      | Paralysed by Pikel for 2 turns
  5421 | D:5      | Killed Pikel
  5603 | D:6      | Noticed a vampire
  5608 | D:6      | Reached XP level 9. HP: 47/65 MP: 18/18
  5830 | D:6      | Learned a level 2 spell: Passwall
  6130 | D:6      | Reached skill level 8 in Conjurations
  6289 | D:6      | Noticed Prince Ribbit
  6295 | D:6      | Killed Prince Ribbit
  6748 | D:1      | Found a faded altar of an unknown god.
  7396 | D:6      | Found a staircase to the Ecumenical Temple.
  7420 | D:6      | Reached skill level 5 in Invocations
  7873 | D:6      | Found Upre's Assorted Antiques.
  7876 | D:6      | Bought a bronze scale mail for 207 gold pieces
  7876 | D:6      | Identified the +0 scale mail "Qovosane" {Fly rPois Str+4}
                  | (You bought it in a shop on level 6 of the Dungeon)
  7987 | D:7      | Found a flagged portal.
  7996 | Bailey   | Entered a bailey
  8031 | Bailey   | Noticed an orc knight
  8136 | Bailey   | Learned a level 3 spell: Swiftness
  8182 | Bailey   | Killed an orc knight
  8183 | Bailey   | Reached skill level 5 in Fighting
  8183 | Bailey   | Reached skill level 5 in Short Blades
  8183 | Bailey   | Reached skill level 5 in Long Blades
  8183 | Bailey   | Reached skill level 5 in Axes
  8183 | Bailey   | Reached skill level 5 in Maces & Flails
  8183 | Bailey   | Reached skill level 5 in Polearms
  8183 | Bailey   | Reached skill level 5 in Staves
  8183 | Bailey   | Reached skill level 5 in Ranged Weapons
  8183 | Bailey   | Reached skill level 5 in Throwing
  8183 | Bailey   | Reached skill level 5 in Armour
  8183 | Bailey   | Reached skill level 5 in Shields
  8183 | Bailey   | Reached skill level 5 in Unarmed Combat
  8183 | Bailey   | Reached skill level 5 in Evocations
  8183 | Bailey   | Reached XP level 10. HP: 58/74 MP: 14/20
  8252 | Bailey   | Reached * piety under Vehumet
  8252 | Bailey   | Offered knowledge of Sandblast by Vehumet.
  8396 | Bailey   | Found a large runed translucent door.
  8396 | Bailey   | Found a large runed translucent door.
  8397 | Bailey   | Noticed a deep elf pyromancer
  8399 | Bailey   | Found the +3 Mad Mage's Maulers {Infuse+∞ VampMP -Cast}
  8492 | Bailey   | Killed a deep elf pyromancer
  8520 | Bailey   | Identified the +1 robe "Moge" {rC+}
  8531 | Bailey   | Identified the +1 chain mail of Kairiux {rF- rN+ Slay+3}
  8787 | D:7      | Identified the amulet "Heihemi" {Acrobat Harm Str+3}
  8799 | D:7      | Found Mewierho's Distillery.
  8803 | D:7      | Bought a potion of curing for 36 gold pieces
  9011 | D:7      | Noticed Menkaure
  9016 | D:7      | Killed Menkaure
  9280 | D:8      | Noticed Grum
  9410 | D:7      | Killed Grum
  9875 | D:8      | Found Zeonotta's Jewellery Boutique.
 10053 | D:8      | Found a sparkling altar of Nemelex Xobeh.
 10929 | D:8      | Offered knowledge of Poisonous Vapours by Vehumet.
 11024 | D:8      | Learned a level 2 spell: Poisonous Vapours
 11088 | D:8      | Reached skill level 5 in Hexes
 11088 | D:8      | Reached skill level 5 in Summonings
 11088 | D:8      | Reached skill level 5 in Necromancy
 11088 | D:8      | Reached skill level 5 in Translocations
 11088 | D:8      | Reached skill level 5 in Transmutations
 11088 | D:8      | Reached skill level 5 in Fire Magic
 11088 | D:8      | Reached skill level 5 in Ice Magic
 11088 | D:8      | Reached skill level 5 in Air Magic
 11088 | D:8      | Reached skill level 5 in Earth Magic
 11088 | D:8      | Reached skill level 5 in Poison Magic
 11485 | D:9      | Found a broken altar of Ashenzari.
 11594 | D:9      | Reached ** piety under Vehumet
 11595 | D:9      | Reached XP level 11. HP: 61/81 MP: 18/22
 13065 | D:9      | Found an opulent altar of Gozag.
 13105 | D:9      | Found a transporter.
 13106 | D:9      | Found a transporter.
 13109 | D:9      | Found a viscous altar of Jiyva.
 13716 | D:9      | Offered knowledge of Stone Arrow by Vehumet.
 13717 | D:9      | Reached skill level 9 in Conjurations
 14075 | D:9      | Noticed a great orb of eyes
 14143 | D:10     | Entered Level 10 of the Dungeon
 14589 | D:10     | Found a staircase to the Lair.
 15066 | D:10     | Learned a level 3 spell: Stone Arrow
 15473 | D:10     | Reached *** piety under Vehumet
 15978 | D:11     | Noticed a cyclops
 15999 | D:11     | Found a runed translucent door.
 16007 | D:11     | Found a gate leading to a gauntlet.
 16016 | Gauntlet | Entered a Gauntlet
 16016 | Gauntlet | Found a transporter.
 16016 | Gauntlet | Found a transporter.
 16022 | Gauntlet | Learned a level 4 spell: Dispel Undead
 16027 | Gauntlet | Noticed an oklob plant
 16028 | Gauntlet | Found a transporter.
 16046 | Gauntlet | Found a transporter.
 16051 | Gauntlet | Noticed a moth of wrath
 16068 | Gauntlet | Found a transporter.
 16082 | Gauntlet | Found a transporter.
 16087 | Gauntlet | Noticed a spectral death yak
 16097 | Gauntlet | Noticed a moth of wrath
 16174 | Gauntlet | Noticed a soul eater
 16184 | Gauntlet | Found a transporter.
 16187 | Gauntlet | Noticed a death scarab
 16194 | Gauntlet | Found a transporter.
 16200 | Gauntlet | Noticed a wizard
 16201 | Gauntlet | Found a transporter.
 16204 | Gauntlet | Found a transporter.
 16206 | Gauntlet | Found a transporter.
 16208 | Gauntlet | Noticed a wizard
 16232 | Gauntlet | Found a transporter.
 16255 | Gauntlet | Found a transporter.
 16273 | Gauntlet | Found a transporter.
 16297 | Gauntlet | Found a transporter.
 16300 | Gauntlet | Noticed a catoblepas
 16306 | Gauntlet | Found a transporter.
 16413 | Gauntlet | Killed a soul eater
 16515 | Gauntlet | Offered knowledge of Inner Flame by Vehumet.
 16789 | Gauntlet | Killed a wizard
 16794 | Gauntlet | Killed a wizard
 16831 | Gauntlet | Identified the amulet of Fazite {RegenMP rCorr Stlth+}
 16981 | Gauntlet | Noticed a minotaur
 16994 | Gauntlet | Mangled by a minotaur

Illustrated notes

Levels and vault maps discovered:
D:1:      reono_arrival_forest_river, layout_rooms,
          shapermc_ecumenical_altar_mp_urbaneastern
D:2:      layout_basic, dk_noncrumbling_2, kennysheep_generic_room_4,
          uniq_sigmund
D:3:      layout_loops_ring, okawaru_ov_weapons_minmay, minmay_misc_feat_chi
D:4:      layout_loops_cross, uniq_edmund
D:5:      layout_loops_ring, zin_purify, mainiacjoe_overflow_cross_hatched,
          vehumet_altar_wand_db, uniq_pikel, uniq_eustachio
D:6:      layout_loops_cross, minmay_temple_entry_junction, serial_shops,
          kennysheep_mini, serial_bayou, serial_bayou_lagoon_a,
          serial_bayou_pond_e, serial_bayou_shore_a, serial_bayou_pond_b,
          serial_bayou_pond_a, serial_bayou_pond_c,
          hangedman_decor_diamond_cutter, uniq_prince_ribbit1
D:7:      layout_loops_ring, enter_bailey_6, serial_shops, shop, uniq_menkaure
D:8:      layout_basic, nemelex_xobeh_ov_fountains_minmay, serial_shops, shop,
          kennysheep_boxes, uniq_grum
D:9:      gammafunk_jiyva_shrine, layout_long_grid, lemuel_tele_altar,
          mainiacjoe_overflow_alcove_1, grunt_tough_drop
D:10:     layout_long_grid, david_lair_shrubbed
D:11:     layout_gridville, muffindrake_ghost_dual_entry,
          gauntlet_entry_generic, uniq_fannar
Gauntlet: gammafunk_gauntlet_branching [gammafunk_gauntlet_arena_open,
          gammafunk_gauntlet_arena_grid, nicolae_gauntlet_swirl,
          gammafunk_gauntlet_arena_split_diamond,
          gammafunk_gauntlet_arena_crates,
          gammafunk_gauntlet_arena_arrow_garden,
          gammafunk_gauntlet_arena_spirals, nicolae_gauntlet_arena_t_cross,
          dreamdust_gauntlet_exit_labyrinth]

Skill      XL: |  1  2  3  4  5  6  7  8  9 10 11 |
---------------+----------------------------------+-----
Fighting       | 1 2 3 5 6 7 |  7.1
Short Blades   | 1 2 3 5 6 7 |  7.1
Long Blades    | 1 2 3 5 6 7 |  7.1
Axes           | 1 2 3 5 6 7 |  7.1
Maces & Flails | 1 2 3 5 6 7 |  7.1
Polearms       | 1 2 3 5 6 7 |  7.1
Staves         | 1 2 3 5 6 7 |  7.1
Ranged Weapons | 1 2 3 5 6 7 |  7.1
Throwing       | 1 2 3 5 6 7 |  7.1
Armour         | 1 2 3 5 6 7 |  7.1
Shields        | 1 2 3 5 6 7 |  7.1
Unarmed Combat | 1 2 3 5 6 7 |  7.1
Spellcasting   | 5 6 7 8 |  8.7
Hexes          | 1 2 3 4 5 |  5.8
Summonings     | 1 2 3 4 5 |  5.8
Necromancy     | 1 2 3 4 5 |  5.8
Translocations | 1 2 3 4 5 |  5.8
Transmutations | 1 2 3 4 5 |  5.8
Fire Magic     | 1 2 3 4 5 |  5.8
Ice Magic      | 1 2 3 4 5 |  5.8
Air Magic      | 1 2 3 4 5 |  5.8
Earth Magic    | 1 2 3 4 5 |  5.8
Poison Magic   | 1 2 3 4 5 |  5.8
Invocations    | 1 2 3 4 5 6 7 |  7.7
Evocations     | 1 2 3 5 6 7 |  7.1
Dodging        | 5 6 7 8 |  8.5
Stealth        | 5 6 7 8 |  8.3
Conjurations   | 8 9 |  9.3

Action                     |  1- 3 |  4- 6 |  7- 9 | 10-12 || total
---------------------------+-------+-------+-------+-------++-------
  Melee: Spear             |    14 |   166 |       |       ||   180
         Bite              |       |    14 |    26 |    58 ||    98
         Punch             |       |     2 |       |       ||     2
         Quarterstaff      |       |    31 |     8 |       ||    39
         Halberd           |       |       |   180 |   372 ||   552
   Cast: Magic Dart        |    24 |    11 |    20 |    11 ||    66
         Searing Ray       |     2 |     7 |    11 |     2 ||    22
         Iskenderun's Myst |       |       |    22 |    78 ||   100
         Passwall          |       |       |     1 |     2 ||     3
         Poisonous Vapours |       |       |       |    16 ||    16
         Stone Arrow       |       |       |       |    10 ||    10
         Swiftness         |       |       |       |     1 ||     1
  Evoke: Wand              |       |       |    13 |    15 ||    28
    Use: Potion            |     1 |       |     3 |     6 ||    10
         Scroll            |       |     6 |    13 |    10 ||    29
   Stab: Sleeping          |       |    11 |     8 |     7 ||    26
         Paralysed         |       |       |    12 |     1 ||    13
         Distracted        |       |       |       |     1 ||     1
         Invisible         |       |       |       |     1 ||     1
 Armour: Robe              |     1 |    32 |    41 |    68 ||   142
  Dodge: Dodged            |    14 |   125 |   129 |   248 ||   516

Table legend: (Time is in decaauts)
 A = Elapsed time spent in this place.
 B = Non-inter-level travel time spent in this place.
 C = Inter-level travel time spent in this place.
 D = Time resting spent in this place.
 E = Time spent auto-exploring this place.
 F = Levels seen in this place.
 G = Mean time per level.
                   A        B        C        D        E       F      G
               +--------+--------+--------+--------+--------+-----+--------+
         Total |  17210 |  16626 |    584 |   7074 |   6378 |  13 | 1323.8 |
       Dungeon |  15642 |  15058 |    584 |   6518 |   6229 |  11 | 1422.0 |
        Bailey |    585 |    585 |      0 |    208 |    139 |   1 |  585.0 |
      Gauntlet |    982 |    982 |      0 |    348 |     10 |   1 |  982.0 |
               +--------+--------+--------+--------+--------+-----+--------+

Top non-repeatable levels by time:
     D:8: 2822 daAuts
     D:5: 1856 daAuts
    D:10: 1832 daAuts
     D:9: 1777 daAuts
     D:6: 1568 daAuts
     D:2: 1544 daAuts
     D:3: 1311 daAuts
     D:7: 1082 daAuts
     D:4: 1060 daAuts
Gauntlet: 982 daAuts
     D:1: 714 daAuts
  Bailey: 585 daAuts
    D:11: 73 daAuts
